 Dungeon Crawl Stone Soup version 0.19.1 (webtiles) character file.

5179 ChaseSP the Covert (level 10, -1/69 HPs)
             Began as a Vine Stalker Assassin on Dec 1, 2016.
             Was a Believer of Dithmenos.
             Slain by a black mamba (6 damage)
             ... on level 1 of the Lair of Beasts.
             The game lasted 00:25:13 (8170 turns).

ChaseSP the Covert (Vine Stalker Assassin)          Turns: 8170, Time: 00:25:14

Health: -1/69      AC: 25    Str: 13    XL:     10   Next: 60%
Magic:  0/11       EV:  2    Int: 11    God:    Dithmenos [**....]
Gold:   570        SH:  0    Dex: 20    Spells: 0 memorised, 9 levels left

rFire  . . .     SeeInvis .     a - +2 dagger (venom)
rCold  . . .     Gourm    .     (armour currently unavailable)
rNeg   + + +     Faith    .     (no shield)
rPois  +         Spirit   +     (helmet currently unavailable)
rElec  .         Reflect  .     (cloak currently unavailable)
rCorr  .         Harm     .     (gloves currently unavailable)
MR     +++..     NoTele   +     (boots currently unavailable)
Stlth  +++++++...               (no amulet)
                                R - ring of protection from magic
                                p - ring of protection from magic

@: tree-form, wreathed by umbra
A: (fangs 0), regeneration 1, magic shield, (antimagic bite), no device heal 3,
rot immunity
a: Shadow Step, Renounce Religion


You were on level 1 of the Lair of Beasts.
You worshipped Dithmenos.
Dithmenos was pleased with you.
You were not hungry.
You were a tree.
You visited 3 branches of the dungeon, and saw 11 of its levels.

You collected 570 gold pieces.

Inventory:

Hand Weapons
 a - a +2 dagger of venom (weapon)
 b - a +0 blowgun
 r - a +2 dagger
 M - a +0 shortbow
 O - a +0 rapier
Missiles
 e - 93 poisoned needles
 f - 8 curare-tipped needles
 N - 47 arrows
 P - a throwing net (quivered)
 U - 13 tomahawks
Armour
 c - a +0 robe
 n - a +0 ring mail
 s - a +0 cloak (melded)
 E - a +1 robe of the Archmagi
 F - a +0 leather armour
 Z - +1 steam dragon scales (melded)
Jewellery
 p - a ring of protection from magic (left branch)
 R - a ring of protection from magic (right branch)
 V - an uncursed ring of ice
Wands
 t - a wand of acid (7/15)
 D - a wand of slowing (12/48)
 L - a wand of heal wounds (4/9)
 W - a wand of teleportation (3/9)
 X - a wand of polymorph (7/24)
Scrolls
 d - 5 scrolls of enchant weapon
 h - 2 scrolls of random uselessness
 j - a scroll of amnesia {unknown}
 l - 5 scrolls of remove curse
 o - a scroll of teleportation
 w - a scroll of magic mapping {unknown}
 I - 2 scrolls of enchant armour
 K - 2 scrolls of fog {unknown}
 Q - a scroll of noise {unknown}
 Y - a scroll of blinking {unknown}
Potions
 i - a potion of ambrosia
 k - a potion of mutation
 m - 2 potions of degeneration
 q - a potion of heal wounds
 u - 3 potions of curing
 v - a potion of lignification
 x - a potion of cancellation
 y - 3 potions of agility {unknown}
 A - a potion of resistance
 J - a potion of berserk rage
 T - a potion of magic
Comestibles
 g - 7 bread rations
 z - 4 beef jerkies
 B - 18 fruits
 C - 3 meat rations
 G - a royal jelly
 H - 9 slices of pizza
 S - 4 chunks of flesh


   Skills:
 - Level 1.7 Fighting
 * Level 7.0 Short Blades
 - Level 5.2 Throwing
 * Level 5.3 Dodging
 + Level 13.7 Stealth
 * Level 0.8 Evocations


You had 9 spell levels left.
You didn't know any spells.

Dungeon Overview and Level Annotations

Branches:
Dungeon (9/15)             Temple (1/1) D:6            Lair (1/6) D:8
    Orc: D:9-12

Altars:
Ashenzari
Cheibriados
Dithmenos
Elyvilon
Fedhas
Gozag
Hepliaklqana
Kikubaaqudgha
Makhleb
Nemelex Xobeh
Okawaru
Qazlal
Ru
Sif Muna
Trog
Uskayaw
Vehumet
Xom
Yredelemnul
Zin
The Shining One

Annotations:
D:2 exclusion: oklob plant


Innate Abilities, Weirdness & Mutations

((You have razor-sharp teeth.))
Your natural rate of healing is unusually fast.
When hurt, damage is shared between your health and your magic reserves.
((Your bite disrupts and absorbs the magic of your enemies.))
Potions and wands cannot restore your health.
You are immune to rotting.


Message History

The black mamba is heavily wounded.
The black mamba bites you but does no damage.
You closely miss the black mamba.
The black mamba is heavily wounded.
The black mamba bites you but does no damage.
You hit the black mamba.
The black mamba is severely wounded.
The black mamba bites you but does no damage.
You hit the black mamba but do no damage.
The black mamba is severely wounded.
The black mamba bites you but does no damage.
You hit the black mamba but do no damage.
The black mamba is severely wounded.
The black mamba bites you!
* * * LOW HITPOINT WARNING * * *
The black mamba bites you but does no damage.
You hit the black mamba.
The black mamba is severely wounded.
The black mamba bites you!
You die...

# #.......................... #
#.......................... #
#......................#... #
#.................)....#... #
#......................###. #
#......................# #. #
#......................# #. #
##................P.#######.
######..........♣......#. ##..
....>...........S....... #...
........................ #...
...........>............. ##...
..............<..........P###P.#.
.......................#.........
.................................
.......................# ...##...
.............†.)......( #.. #...


You could see a black mamba.

Vanquished Creatures
  A hornet (D:8)
  A troll (D:9)
  A two-headed ogre (D:8)
  A hippogriff (Lair:1)
  Sigmund (D:3)
  4 yaks (D:9)
  4 hogs (D:7)
  2 hungry ghosts
  A human (D:7)
  A steam dragon (D:9)
  2 sky beasts
  2 phantoms
  A centaur (D:5)
  6 ogres
  2 crocodiles
  3 bullfrogs
  A scorpion (D:8)
  2 howler monkeys
  4 crimson imps
  A centaur zombie (D:7)
  A jelly (D:9)
  An orc priest (D:9)
  5 hounds
  8 orc wizards
  2 bullfrog skeletons
  5 iguanas
  6 worker ants
  A killer bee zombie (D:8)
  2 hound skeletons (D:8)
  7 gnolls
  5 adders
  2 shadow imps
  An ooze (D:2)
  An adder skeleton (D:5)
  2 worms
  3 dart slugs
  4 leopard geckos
  18 orcs
  4 giant cockroaches
  3 goblins (D:3)
  9 hobgoblins
  23 jackals
  9 kobolds
  5 quokkas
  4 frilled lizards
  A quokka skeleton (D:9)
  3 rats
  A spectral orc (D:2)
177 creatures vanquished.

Notes
Turn   | Place    | Note
-------+----------+-------------------------------------------
     0 | D:1      | ChaseSP the Vine Stalker Assassin began the quest for the Orb.
     0 | D:1      | Reached XP level 1. HP: 11/11 MP: 2/2
   174 | D:1      | Reached skill level 5 in Stealth
   191 | D:1      | Reached XP level 2. HP: 11/15 MP: 3/3
   978 | D:2      | Reached skill level 6 in Stealth
   978 | D:2      | Reached XP level 3. HP: 9/18 MP: 4/4
  1752 | D:2      | Found a blossoming altar of Fedhas.
  1775 | D:2      | Noticed an oklob plant
  1883 | D:2      | Found a basalt altar of Yredelemnul.
  2008 | D:3      | Gained mutation: Your natural rate of healing is unusually fast. [Vine Stalker growth]
  2008 | D:3      | Reached XP level 4. HP: 21/23 MP: 5/5
  2114 | D:3      | Reached skill level 7 in Stealth
  2119 | D:3      | Noticed Sigmund
  2158 | D:3      | Killed Sigmund
  2158 | D:3      | Reached skill level 8 in Stealth
  2158 | D:3      | Reached XP level 5. HP: 12/26 MP: 2/6
  2158 | D:3      | Reached XP level 6. HP: 13/30 MP: 2/7
  2471 | D:3      | HP: 1/30 [poisoned by a gnoll]
  2852 | D:3      | Reached skill level 9 in Stealth
  3310 | D:4      | Reached XP level 7. HP: 32/34 MP: 8/8
  3559 | D:4      | Found a snail-covered altar of Cheibriados.
  3559 | D:4      | Found a stormy altar of Qazlal.
  3709 | D:4      | Reached skill level 10 in Stealth
  3832 | D:5      | Entered Level 5 of the Dungeon
  3918 | D:5      | Reached skill level 1 in Dodging
  4098 | D:5      | Gained mutation: You have razor-sharp teeth. [Vine Stalker growth]
  4098 | D:5      | Reached XP level 8. HP: 38/38 MP: 9/9
  4449 | D:6      | Found a glowing golden altar of the Shining One.
  4508 | D:6      | Reached skill level 11 in Stealth
  4512 | D:6      | Found a deep blue altar of Sif Muna.
  4619 | D:6      | Found a staircase to the Ecumenical Temple.
  4651 | Temple   | Entered the Ecumenical Temple
  4705 | Temple   | Became a worshipper of Dithmenos the Shadowed
  5501 | D:7      | Reached XP level 9. HP: 8/42 MP: 7/10
  5665 | D:7      | Reached skill level 5 in Short Blades
  5689 | D:7      | Reached skill level 12 in Stealth
  6144 | D:7      | Found a burning altar of Makhleb.
  6144 | D:7      | Found a shimmering altar of Xom.
  6333 | D:8      | Reached * piety under Dithmenos
  6424 | D:8      | Noticed a two-headed ogre
  6447 | D:8      | Found a staircase to the Lair.
  6451 | D:8      | Killed a two-headed ogre
  6451 | D:8      | Reached skill level 13 in Stealth
  6590 | D:8      | Noticed a hornet
  6601 | D:8      | Killed a hornet
  6601 | D:8      | Reached skill level 5 in Throwing
  6601 | D:8      | Reached XP level 10. HP: 21/46 MP: 11/11
  7019 | D:9      | Found an iron altar of Okawaru.
  7170 | D:9      | Found an ancient bone altar of Kikubaaqudgha.
  7171 | D:9      | Found a sparkling altar of Nemelex Xobeh.
  7428 | D:9      | Reached ** piety under Dithmenos
  7499 | D:9      | Found a hide-covered altar of Uskayaw.
  7556 | D:9      | Reached skill level 5 in Dodging
  7747 | Lair:1   | Entered Level 1 of the Lair of Beasts
  8132 | Lair:1   | Noticed a black mamba
  8170 | Lair:1   | Slain by a black mamba

Skill      XL: |  1  2  3  4  5  6  7  8  9 10 |
---------------+-------------------------------+-----
Stealth        | 5 6 8 9 10 11 13 | 13.7
Short Blades   | 2 3 4 6 7 |  7.0
Throwing       | 2 3 5 |  5.2
Dodging        | 1 2 4 5 |  5.3
Fighting       | |  1.7
Evocations     | |  0.8

Action                   |  1- 3 |  4- 6 |  7- 9 | 10-12 || total
-------------------------+-------+-------+-------+-------++-------
Melee: Dagger            |    91 |   102 |   235 |   133 ||   561
       Bite              |    26 |    21 |    78 |    45 ||   170
 Fire: Blowgun           |     3 |    11 |     5 |       ||    19
  Use: Potion            |       |     2 |       |     2 ||     4
       Scroll            |       |       |       |    16 ||    16
 Stab: Sleeping          |     5 |    10 |    34 |    11 ||    60
       Distracted        |       |       |     3 |       ||     3
  Eat: Chunk             |     3 |     4 |    11 |     7 ||    25
Armor: Robe              |    16 |    15 |    21 |     2 ||    54
       Ring mail         |     1 |       |       |       ||     1
       Steam dragon scal |       |       |       |    23 ||    23
       Skin              |       |       |       |     8 ||     8
Dodge: Dodged            |    50 |    79 |    93 |    78 ||   300
